 Dungeon Crawl Stone Soup version 0.19.5 (webtiles) character file.

30193 ghjk the Severer (level 13, -1/118 HPs)
             Began as a Minotaur Fighter on Apr 17, 2017.
             Was the Champion of Okawaru.
             Slain by a human (5 damage)
             ... while paralysed by Rupert
             ... on level 14 of the Dungeon.
             The game lasted 00:35:51 (13394 turns).

ghjk the Severer (Minotaur Fighter)                Turns: 13394, Time: 00:35:52

Health: -1/118     AC: 16    Str: 33    XL:     13   Next: 19%
Magic:  3/12       EV:  2    Int: 18    God:    Okawaru [******]
Gold:   968        SH:  0    Dex:  8    Spells: 0 memorised, 12 levels left

rFire  . . .     SeeInvis .     Z - +4 war axe (freeze)
rCold  . . .     Gourm    .     y - +1 scale mail "Mylaf" {rPois rF- Str+7 Slay+2}
rNeg   . . .     Faith    .     c - +0 shield
rPois  +         Spirit   .     z - +2 hat
rElec  .         Reflect  +     m - +0 cloak
rCorr  +         Harm     .     (no gloves)
MR     .....                    T - +2 pair of boots "Golunkogi" {rF+ rCorr Int+9 Dex-4}
Stlth  ..........               B - +3 amulet of reflection
                                v - +2 ring of strength
                                S - +4 ring of intelligence

@: paralysed, lethally poisoned (-1 -> -31), drained
A: retaliatory headbutt, horns 2
a: Heroism, Finesse, Renounce Religion


You were on level 14 of the Dungeon.
You worshipped Okawaru.
Okawaru was exalted by your worship.
You were not hungry.

You visited 2 branches of the dungeon, and saw 15 of its levels.
You also visited: Ossuary.

You collected 968 gold pieces.

Inventory:

Hand Weapons
 M - a +0 battleaxe of freezing
 Z - a +4 war axe of freezing (weapon)
Missiles
 O - 3 tomahawks of dispersal (quivered)
Armour
 c - a +0 shield (worn)
 m - a +0 cloak (worn)
 t - a +0 plate armour
 y - the +1 scale mail "Mylaf" (worn) {rPois rF- Str+7 Slay+2}
   (Okawaru gifted it to you on level 11 of the Dungeon)

   It affects your strength (+7).
   It affects your accuracy and damage with ranged weapons and melee attacks
   (+2).
   It makes you vulnerable to fire.
   It protects you from poison.
 z - a +2 hat (worn)
 T - the +2 pair of boots "Golunkogi" (worn) {rF+ rCorr Int+9 Dex-4}
   (You found it on level 9 of the Dungeon)

   It affects your intelligence (+9).
   It affects your dexterity (-4).
   It protects you from fire.
   It protects you from acid and corrosion.
Jewellery
 q - an uncursed ring of resist corrosion
 v - a +2 ring of strength (right hand)
 x - an uncursed ring of wizardry
 B - a +3 amulet of reflection (around neck)
 R - an uncursed ring of see invisible
 S - a +4 ring of intelligence (left hand)
Wands
 j - a wand of paralysis (13/24)
 l - a wand of enslavement (5/24)
 A - a wand of lightning (1/15)
 C - a wand of polymorph (18/24)
 E - a wand of confusion (24/48)
 G - a wand of random effects (38/48)
 I - a wand of slowing (39/48)
 J - a wand of flame (20/48)
 Q - a wand of confusion (38/48)
 V - a wand of iceblast (7/15)
 Y - a wand of heal wounds (6/9)
Scrolls
 e - 8 scrolls of remove curse
 r - 3 scrolls of fear
 s - 2 scrolls of teleportation
 L - 2 scrolls of enchant weapon
Potions
 d - a potion of ambrosia
 g - 5 potions of heal wounds
 h - 2 potions of cure mutation
 i - 2 potions of invisibility
 k - 3 potions of haste
 o - 8 potions of curing
 p - 5 potions of agility
 u - 3 potions of flight
 w - a potion of lignification
 D - a potion of berserk rage {unknown}
 F - a potion of brilliance {unknown}
 H - 3 potions of resistance {unknown}
 P - a potion of magic {unknown}
 U - a potion of cancellation {unknown}
 W - a potion of degeneration {unknown}
 X - a potion of beneficial mutation {unknown}
Books
 a - a book of Enchantments

   Spells                             Type                      Level
   a - Cause Fear                     Hexes                        4
   b - Yara's Violent Unravelling     Hexes/Transmutation          5
   c - Silence                        Hexes/Air                    5
   d - Deflect Missiles               Charms/Air                   6
   e - Discord                        Hexes                        8
Comestibles
 b - 2 chunks of flesh
 f - 13 bread rations
 n - 14 fruits
 K - 2 meat rations
 N - 3 beef jerkies


   Skills:
 + Level 12.0(11.4) Fighting
 + Level 17.0(16.3) Axes
   Level 2.6(11.1) Maces & Flails
 + Level 10.3(9.6) Armour
 + Level 7.2(6.6) Dodging
 - Level 2.4(1.9) Stealth
 - Level 10.6(9.9) Shields


You had 12 spell levels left.
You didn't know any spells.

Dungeon Overview and Level Annotations

Branches:
Dungeon (14/15) Temple (1/1) D:7 Lair (0/6) D:9 Orc (0/2) D:12 Vaults (0/5) D:13 D:14

Altars:
Ashenzari
Cheibriados
Dithmenos
Elyvilon
Fedhas
Gozag
Hepliaklqana
Kikubaaqudgha
Makhleb
Nemelex Xobeh
Okawaru
Qazlal
Ru
Sif Muna
Trog
Uskayaw
Vehumet
Xom
Yredelemnul
Zin
The Shining One
Beogh

Shops:
D:2 *   D:4 ?

Annotations:
D:10 1 runed door
D:14 Rupert, Urug


Innate Abilities, Weirdness & Mutations

You reflexively headbutt those who attack you in melee.
You have a pair of horns on your head.


Message History

A centaur comes into view.
The centaur shouts!
You feel very sick. The human hits you but does no damage.
The hill giant barely misses you.
Rupert hits you with an executioner's axe of venom!
* * * LOW HITPOINT WARNING * * *
The human hits you.
* * * LOW HITPOINT WARNING * * *
The wight hits you but does no damage. The human hits you but does no damage.
The centaur barely misses you. The eye of draining gazes at you.
You feel your power leaking away. The human barely misses you.
* * * LOW HITPOINT WARNING * * *
You feel very sick. The human hits you but does no damage.
The wight hits you but does no damage.
Rupert hits you with an executioner's axe of venom!!
* * * LOW HITPOINT WARNING * * *
The human hits you.
You die...

### #.# ..
..###.#####.#
#............
#...........#
#.....(......
#...hG......#
#..o@ppc....#
#..cp@c{.....
.....cCpz......
###...czzO.....
#....c.(..%..
#......c..)##
#..........#
#..........#
#.###.#.##..


You could see Rupert (berserk), Urug, a hill giant, a centaur warrior, an eye of
draining, a two-headed ogre, 4 humans, 6 centaurs, a hound and 3 wights.

Vanquished Creatures
  A centaur warrior (D:13)
  2 tengu warriors
  An unseen horror (D:12)
  2 wizards
  5 hill giants
  The ghost of abbott299 the Cleaver, a novice MiFi of Okawaru (D:6)
  2 ugly things
  A cyclops (D:12)
  2 gargoyles
  A freezing wraith (D:13)
  3 two-headed ogres
  A hornet (D:12)
  3 trolls
  Grinder (D:3)
  3 hippogriffs
  A vampire (D:13)
  A shadow (D:13)
  A centaur simulacrum (D:13)
  5 large abominations (D:9)
  12 humans (D:13)
  A wraith (D:7)
  27 yaks
  A steam dragon (D:12)
  2 hungry ghosts (D:10)
  2 soldier ants (D:10)
  2 water moccasins
  Duvessa (D:5)
  6 sky beasts
  A black bear (D:10)
  2 necrophages
  8 orc warriors
  7 ice beasts
  4 phantoms
  9 ogres
  An eye of draining (D:11)
  4 boggarts (D:13)
  7 small abominations (D:9)
  2 crocodiles (D:12)
  A big kobold (D:12)
  14 centaurs
  An elf zombie (Ossuary)
  5 bullfrogs
  Dowan (D:5)
  A gnoll sergeant (D:8)
  5 scorpions
  11 killer bees
  10 wights
  An electric eel (D:11)
  4 howler monkeys
  13 crimson imps
  A bullfrog zombie (D:12)
  A human zombie (Ossuary)
  3 centaur zombies
  11 orc priests
  A jelly (D:5)
  A gnoll shaman (D:5)
  6 hounds
  2 bullfrog skeletons
  3 centaur skeletons
  2 iguanas
  10 orc wizards
  15 worker ants
  A hound zombie (D:3)
  2 hound skeletons (D:10)
  2 mummies (Ossuary)
  A worker ant zombie (D:7)
  9 gnolls
  17 adders
  2 shadow imps (D:7)
  4 oozes
  2 adder zombies
  3 adder skeletons
  4 worms
  2 leopard geckos
  54 orcs
  3 ball pythons
  5 bats
  14 giant cockroaches
  7 goblins
  7 hobgoblins
  7 jackals
  8 kobolds
  6 quokkas
  8 frilled lizards
  2 goblin zombies (Ossuary)
  10 hobgoblin zombies (Ossuary)
  2 jackal zombies (Ossuary)
  9 kobold zombies (Ossuary)
  A leopard gecko skeleton (D:5)
  A leopard gecko zombie (D:5)
  7 orc zombies (Ossuary)
  6 rats
  2 rat zombies (Ossuary)
467 creatures vanquished.

Vanquished Creatures (others)
  3 centaurs
  An orc (D:11)
4 creatures vanquished.

Grand Total: 471 creatures vanquished

Notes
Turn   | Place    | Note
-------+----------+-------------------------------------------
     0 | D:1      | ghjk the Minotaur Fighter began the quest for the Orb.
     0 | D:1      | Reached XP level 1. HP: 19/19 MP: 0/0
   201 | D:1      | Reached XP level 2. HP: 23/27 MP: 1/1
   753 | D:2      | Found an opulent altar of Gozag.
   757 | D:2      | Reached XP level 3. HP: 33/33 MP: 2/2
   797 | D:2      | Found a shattered altar of Ashenzari.
  1430 | D:2      | Reached skill level 3 in Axes
  1430 | D:2      | Reached XP level 4. HP: 40/40 MP: 3/3
  1438 | D:2      | Found Gozag's Platinum Reserve.
  1591 | D:3      | Found a hide-covered altar of Uskayaw.
  1835 | D:3      | Noticed Grinder
  1841 | D:3      | Killed Grinder
  1841 | D:3      | Reached skill level 5 in Fighting
  1841 | D:3      | Reached skill level 4 in Axes
  1841 | D:3      | Reached skill level 1 in Dodging
  1841 | D:3      | Reached XP level 5. HP: 35/48 MP: 4/4
  1841 | D:3      | Reached XP level 6. HP: 41/56 MP: 5/5
  1844 | D:3      | Reached skill level 5 in Axes
  1962 | D:3      | You fall through a shaft for 2 floors!
  1962 | D:5      | Entered Level 5 of the Dungeon
  2022 | D:5      | Reached skill level 1 in Stealth
  2025 | D:5      | Reached skill level 5 in Shields
  2029 | D:5      | Reached skill level 6 in Axes
  2029 | D:5      | Reached XP level 7. HP: 60/61 MP: 6/6
  2384 | D:5      | Reached skill level 7 in Axes
  2413 | D:5      | Noticed Dowan
  2463 | D:5      | Noticed Duvessa
  2476 | D:5      | Reached XP level 8. HP: 34/70 MP: 7/7
  2481 | D:5      | Killed Duvessa
  2481 | D:5      | Reached skill level 8 in Axes
  2483 | D:5      | Killed Dowan
  2483 | D:5      | Reached skill level 5 in Armour
  2725 | D:5      | Got a brightly glowing great sword
  2730 | D:5      | Identified the cursed +0 great sword "Faomaec" {speed, rC+ Int+3} (You found it on level 5 of the Dungeon)
  3399 | D:5      | Reached skill level 9 in Axes
  4017 | D:4      | Found Ocvoichy's Magic Scroll Boutique.
  4245 | D:4      | Reached XP level 9. HP: 75/78 MP: 8/8
  4704 | D:6      | Found an ancient bone altar of Kikubaaqudgha.
  4733 | D:6      | Noticed abbott299's ghost (novice MiFi)
  5076 | D:6      | Identified a scroll of acquirement
  5215 | D:6      | Found a sand-covered staircase.
  5235 | Ossuary  | Entered an ossuary
  5286 | Ossuary  | Reached skill level 10 in Axes
  5897 | D:6      | Killed abbott299's ghost
  5897 | D:6      | Reached skill level 11 in Axes
  6291 | D:7      | Reached XP level 10. HP: 68/88 MP: 9/9
  6462 | D:7      | Found a staircase to the Ecumenical Temple.
  6482 | Temple   | Entered the Ecumenical Temple
  6691 | Temple   | Became a worshipper of Warmaster Okawaru
  7015 | D:8      | Reached * piety under Okawaru
  7015 | D:8      | Reached skill level 12 in Axes
  7679 | D:9      | Reached ** piety under Okawaru
  7769 | D:9      | Noticed a wizard
  7777 | D:9      | Killed a wizard
  7805 | D:9      | Noticed a large abomination
  7811 | D:9      | Reached skill level 10 in Shields
  7825 | D:9      | Noticed a large abomination
  8205 | D:9      | Found a staircase to the Lair.
  8207 | D:9      | Reached skill level 5 in Dodging
  8207 | D:9      | Reached XP level 11. HP: 85/95 MP: 10/10
  8298 | D:9      | Reached *** piety under Okawaru
  8298 | D:9      | Reached skill level 13 in Axes
  8547 | D:9      | Killed a large abomination
  8547 | D:9      | Reached skill level 1 in Maces & Flails
  8707 | D:9      | Reached **** piety under Okawaru
  8971 | D:9      | Killed a large abomination
  9058 | D:9      | Received a gift from Okawaru
  9132 | D:9      | Got a pair of brightly glowing boots
  9139 | D:9      | Identified the +2 pair of boots "Golunkogi" {rF+ rCorr Int+9 Dex-4} (You found it on level 9 of the Dungeon)
  9180 | D:10     | Entered Level 10 of the Dungeon
  9226 | D:10     | Found a runed door.
  9582 | D:10     | Found a runed door.
  9878 | D:11     | Reached ***** piety under Okawaru
  9878 | D:11     | Reached skill level 14 in Axes
  9983 | D:11     | Noticed a purple ugly thing
 10010 | D:11     | Killed a purple ugly thing
 10144 | D:11     | Reached skill level 10 in Fighting
 10545 | D:11     | Reached XP level 12. HP: 106/106 MP: 11/11
 10926 | D:11     | Noticed a tengu warrior
 10944 | D:11     | Killed a tengu warrior
 10944 | D:11     | Reached skill level 15 in Axes
 11416 | D:11     | Received a gift from Okawaru
 11420 | D:11     | Got a transparent scale mail {god gift}
 11431 | D:11     | Identified the +1 scale mail "Mylaf" {rPois rF- Str+7 Slay+2} (Okawaru gifted it to you on level 11 of the Dungeon)
 11474 | D:12     | Found a staircase to the Orcish Mines.
 11632 | D:12     | Reached ****** piety under Okawaru
 11818 | D:12     | Found a roughly hewn altar of Beogh.
 11882 | D:12     | Reached skill level 16 in Axes
 12815 | D:13     | Received a gift from Okawaru
 12830 | D:13     | Reached skill level 10 in Armour
 12836 | D:13     | Noticed a centaur warrior
 12842 | D:13     | Killed a centaur warrior
 12945 | D:13     | Reached XP level 13. HP: 110/117 MP: 12/12
 13081 | D:14     | Found a gate to the Vaults.
 13081 | D:14     | Noticed Urug
 13081 | D:14     | Noticed Rupert
 13278 | D:13     | Reached skill level 17 in Axes
 13390 | D:14     | Paralysed by Rupert for 7 turns
 13394 | D:14     | HP: 4/118 [Rupert/executioner's axe of venom (20)]
 13394 | D:14     | Slain by a human

Skill      XL: |  1  2  3  4  5  6  7  8  9 10 11 12 13 |
---------------+----------------------------------------+-----
Shields        | 4 5 7 8 10 | 10.6
Fighting       | 4 5 6 7 8 10 11 12 | 12.0
Armour         | 4 6 7 8 10 | 10.3
Axes           | 3 4 6 7 9 11 12 14 16 17 | 17.0
Dodging        | 1 2 4 5 6 7 |  7.2
Stealth        | 1 2 |  2.4
Maces & Flails | 2 |  2.6

Action                   |  1- 3 |  4- 6 |  7- 9 | 10-12 | 13-15 || total
-------------------------+-------+-------+-------+-------+-------++-------
Melee: War axe           |    96 |    49 |   369 |   798 |    41 ||  1353
       Headbutt          |    23 |     7 |    74 |   164 |    11 ||   279
  Use: Scroll            |     6 |       |     6 |    17 |       ||    29
       Potion            |       |     2 |     2 |     2 |       ||     6
  Eat: Chunk             |     1 |     2 |     6 |     9 |     1 ||    19
       Fruit             |       |       |    11 |     2 |       ||    13
       Pizza             |       |       |       |     3 |       ||     3
       Beef jerky        |       |       |       |     1 |       ||     1
       Meat ration       |       |       |       |     1 |       ||     1
       Royal jelly       |       |       |       |     1 |       ||     1
Armor: Scale mail        |    32 |    22 |    83 |   165 |    47 ||   349
Dodge: Dodged            |    25 |    12 |    96 |   184 |    35 ||   352
Block: Shield            |    41 |    30 |   227 |   490 |    35 ||   823
       Reflection        |       |       |    16 |    25 |     2 ||    43
